 Dungeon Crawl Stone Soup version 0.32-a0-683-ge26c5dbc97 (webtiles) character file.

Game seed: 14111276988246456439

21 jumpa the Trooper (level 2, 0/24 HPs)
             Began as a Demonspawn Berserker on Mar 12, 2024.
             Was a Follower of Trog.
             Slain by a ribbon worm (1 damage)
             ... on level 2 of the Dungeon.
             The game lasted 00:05:59 (612 turns).

jumpa the Trooper (Demonspawn Berserker)             Turns: 612, Time: 00:06:00

Health: 0/24       AC:  5    Str: 17    XL:     2   Next: 65%
Magic:  2/2        EV: 11    Int:  7    God:    Trog [*.....]
Gold:   28         SH:  0    Dex: 12    Spells: 1/1 levels left

rFire   . . .        a - +0 falchion
rCold   . . .        (no shield)
rNeg    . . .        h - +0 leather armour
rPois   .            c - +1 helmet
rElec   .            (no cloak)
rCorr   .            (no gloves)
SInv    .            (no boots)
Will    .....        i - amulet of the acrobat
Stlth   +            (no ring)
HPRegen 0.24/turn    (no ring)
MPRegen 0.16/turn

%: acrobat
@: no status effects
A: magic regeneration
a: Renounce Religion, Berserk


You were on level 2 of the Dungeon.
You worshipped Trog.
Trog was aware of your devotion.
You visited 1 branch of the dungeon, and saw 2 of its levels.

You collected 28 gold pieces.

Inventory:

Hand Weapons
 a - a +0 falchion (weapon)
Missiles
 d - 3 javelins (quivered)
Armour
 b - a +0 animal skin
 c - a +1 helmet (worn)
 h - a +0 leather armour (worn)
Jewellery
 i - an amulet of the acrobat (around neck)
Scrolls
 e - 4 scrolls of identify {unknown}
Potions
 f - a potion of curing {unknown}
 g - a potion of cancellation {unknown}
 j - 2 potions of invisibility {unknown}


   Skills:
 + Level 3.2 Fighting
 + Level 3.1 Long Blades
 + Level 0.1 Throwing
 + Level 1.9 Armour
 + Level 1.9 Dodging
 + Level 0.2 Stealth


You had one spell level left.
You didn't know any spells.
Your spell library was empty.

Dungeon Overview and Level Annotations

Branches:
Dungeon (2/15)

Altars:


Innate Abilities, Weirdness & Mutations

You regenerate magic rapidly.


Message History

The kobold barely misses you.
You hit the adder.
The adder is severely wounded.
The adder completely misses you. The rat closely misses you.
The ribbon worm misses you. The kobold closely misses you.
The adder misses you.
You closely miss the adder.
The adder is severely wounded.
The adder barely misses you. The rat completely misses you.
The kobold closely misses you. The ribbon worm barely misses you.
You closely miss the adder.
The adder is severely wounded.
The adder closely misses you. The rat barely misses you.
The kobold closely misses you.
The ribbon worm expels a string of sticky webbing.
The stream of webbing hits you but does no damage.
You are caught in a web!
The adder bites you.
* * * LOW HITPOINT WARNING * * *
The kobold closely misses you. The rat bites you but does no damage.
The web tears apart.
The adder barely misses you.
The ribbon worm bites you but does no damage.
The rat barely misses you. The kobold closely misses you.
You hit the adder but do no damage.
The adder is heavily wounded.
The adder bites you.
* * * LOW HITPOINT WARNING * * *
The ribbon worm expels a string of sticky webbing.
The stream of webbing hits you but does no damage.
You are caught in a web!
The rat bites you but does no damage. The adder barely misses you.
The kobold hits you with a +0 dagger.
* * * LOW HITPOINT WARNING * * *
The web tears apart.
The adder closely misses you. The rat barely misses you.
The ribbon worm expels a string of sticky webbing.
The stream of webbing misses you. The kobold hits you with a +0 dagger.
* * * LOW HITPOINT WARNING * * *
You completely miss the adder.
The adder is heavily wounded.
The adder misses you. The rat closely misses you.
The kobold hits you but does no damage. The ribbon worm bites you.
You die...

##.. .# #..#####.####
##### #..#.....#..##
....#####.............
.....................
.............###....
#.####............#
....<..........#S#
.)......####....@##
.†####### #...rKw# .†.#
#.......# ##......#
##.##.#..... ..........
.............
#..#......?......####...
#.#######......... ...
#. ##..###.#. .. #. #..
#.###


You could see a ribbon worm (catching breath), an adder, a kobold and a rat.

Vanquished Creatures
  An orc (D:2)
  5 endoplasms
  4 goblins
  3 hobgoblins
  2 frilled lizards
  3 kobolds (D:1)
18 creatures vanquished.

Notes
Turn   | Place    | Note
-------+----------+-------------------------------------------
     0 | D:1      | jumpa the Demonspawn Berserker began the quest for the Orb.
     0 | D:1      | Reached XP level 1. HP: 18/18 MP: 1/1
   291 | D:1      | Gained mutation: You regenerate magic rapidly. [demonic
                  | ancestry]
   291 | D:1      | Reached XP level 2. HP: 19/24 MP: 2/2
   531 | D:2      | HP: 1/24 [goblin/+0 dagger (2)]
   611 | D:2      | HP: 1/24 [kobold/+0 dagger (2)]
   612 | D:2      | Slain by a ribbon worm

Illustrated notes

Levels and vault maps discovered:
D:1:      minmay_arrival_checkered_box, layout_loops_cross
D:2:      layout_rooms, pf_guarded_unrand_delatra, uniq_robin

Skill      XL: |  1  2 |
---------------+-------+-----
Long Blades    | 3 |  3.1
Fighting       | |  3.2
Throwing       | |  0.1
Armour         | |  1.9
Dodging        | |  1.9
Stealth        | |  0.2

Action                     || total
---------------------------++-------
  Melee: Falchion          ||    70
  Throw: Javelin           ||     2
   Stab: Sleeping          ||     1
 Armour: Leather armour    ||    74
         Animal skin       ||     4
  Dodge: Dodged            ||    98

Table legend: (Time is in decaauts)
 A = Elapsed time spent in this place.
 B = Non-inter-level travel time spent in this place.
 C = Inter-level travel time spent in this place.
 D = Time resting spent in this place.
 E = Time spent auto-exploring this place.
 F = Levels seen in this place.
 G = Mean time per level.
                   A        B        C        D        E       F      G
               +--------+--------+--------+--------+--------+-----+--------+
         Total |    622 |    183 |    439 |      0 |      0 |   2 |  311.0 |
       Dungeon |    622 |    183 |    439 |      0 |      0 |   2 |  311.0 |
               +--------+--------+--------+--------+--------+-----+--------+

Top non-repeatable levels by time:
     D:1: 485 daAuts
     D:2: 136 daAuts
